 Dungeon Crawl Stone Soup version 0.16-a0-3946-g4f19e5c (webtiles) character file.

396 Murumi the Covered (level 7, 0/56 HPs)
             Began as a Formicid Fighter on Feb 9, 2015.
             Succumbed to a scorpion's poison
             ... on level 4 of the Dungeon.
             The game lasted 00:13:34 (2595 turns).

Murumi the Covered (Formicid Fighter)               Turns: 2595, Time: 00:13:34

Health: 0/56       AC: 10    Str: 28    XL:     7   Next: 9%
Magic:  9/9        EV:  9    Int:  7    God:
Gold:   133        SH: 10    Dex: 10    Spells: 0 memorised, 6 levels left

rFire  . . .     SeeInvis +     a - +0 long sword
rCold  . . .     Clarity  .     b - +0 scale mail
rNeg   . . .     SustAb   .     c - +0 shield
rPois  .         Gourm    .     (helmet unavailable)
rElec  .         Spirit   .     (no cloak)
rCorr  .         Warding  .     l - +2 pair of gloves
rMut   .         Stasis   +     (no boots)
MR     .....                    (no amulet)
Stlth  ..........               (no ring)
                                (no ring)

@: mighty, lethally poisoned (0 -> -4), not resistant to hostile enchantments,
extremely unstealthy
A: permanent stasis, dig shafts and tunnels, four strong arms, antennae 3
a: Dig, Shaft Self


You were on level 4 of the Dungeon.
You were hungry.

You visited 1 branch of the dungeon, and saw 4 of its levels.

You collected 133 gold pieces.

Inventory:

Hand weapons
 a - a +0 long sword (weapon)
Missiles
 k - 53 bolts
Armour
 b - a +0 scale mail (worn)
 c - a +0 shield (worn)
 l - a +2 pair of gloves (worn)
Magical devices
 m - a wand of magic darts (12)
Scrolls
 n - a scroll of amnesia
 p - a scroll of remove curse
Potions
 e - a potion of might
 o - a potion of brilliance {unknown}
Comestibles
 d - 4 bread rations
 f - a beef jerky
 g - 2 meat rations


   Skills:
 - Level 5.0 Fighting
 - Level 3.3 Long Blades
 + Level 5.1 Armour
 - Level 1.5 Dodging
 - Level 5.0 Shields


You had 6 spell levels left.
You didn't know any spells.

Dungeon Overview and Level Annotations

Branches:
Dungeon (4/15)
 Temple: D:4-7

Altars:
Fedhas
Gozag
Qazlal
Sif Muna
The Shining One


Innate Abilities, Weirdness & Mutations

You are under a permanent stasis effect.
You can dig through walls and to a lower floor.
Your four strong arms can wield two-handed weapons with a shield.
You have a pair of large antennae on your head (SInv).


Message History

You closely miss the hound.
The hound is moderately wounded.
The hound bites you.
* * * LOW HITPOINT WARNING * * *
You block the hound's attack.
You slash the hound!
You kill the hound!
Your Armour skill increases to level 5!
You have reached level 7!
The scorpion stings you.
* * * LOW HITPOINT WARNING * * *
You are lethally poisoned!
The scorpion poisons you!
Eat which item? (? for menu, Esc to quit)
Okay, then.
Read which item? (? for menu, Esc to quit)
Okay, then.
Drink which item? (? for menu, Esc to quit)
It was a potion of restore abilities.
You feel refreshed.
You die...

### ### #.##########@#
.....#).......Os##
#.##.#<.........#
#.#..........# #............#
... ...#...........######## #..
##...##..##†........... #.###
###....#.<..†......########....
##...#.#.............#.......


You could see an ogre and a scorpion.

Vanquished Creatures
  A scorpion (D:4)
  2 hounds
  An orc priest (D:3)
  4 orc wizards (D:3)
  5 adders
  A giant mite (D:4)
  2 adder skeletons (D:3)
  2 oozes
  9 orcs (D:3)
  8 bats
  4 giant cockroaches
  4 hobgoblins
  6 jackals
  A giant cockroach zombie (D:3)
  A giant gecko skeleton (D:4)
  5 giant newts
  10 goblins
  5 kobolds (D:2)
  A quokka skeleton (D:3)
  7 rats
79 creatures vanquished.

Notes
Turn   | Place    | Note
--------------------------------------------------------------
     0 | D:1      | Murumi, the Formicid Fighter, began the quest for the Orb.
     0 | D:1      | Reached XP level 1. HP: 18/18 MP: 1/1
   104 | D:1      | Reached skill level 4 in Shields
   131 | D:1      | Reached XP level 2. HP: 24/24 MP: 3/3
   450 | D:1      | Reached XP level 3. HP: 30/30 MP: 4/4
   936 | D:2      | Reached XP level 4. HP: 27/37 MP: 5/5
  1099 | D:2      | Found a stormy altar of Qazlal.
  1275 | D:2      | Found a blossoming altar of Fedhas.
  1820 | D:3      | Reached XP level 5. HP: 42/42 MP: 7/7
  1992 | D:3      | Reached skill level 1 in Dodging
  2006 | D:3      | Reached XP level 6. HP: 41/48 MP: 8/8
  2092 | D:3      | Reached skill level 5 in Shields
  2208 | D:3      | Found a glowing golden altar of the Shining One.
  2221 | D:3      | Found an opulent altar of Gozag.
  2224 | D:3      | Found a deep blue altar of Sif Muna.
  2387 | D:3      | Reached skill level 5 in Fighting
  2594 | D:4      | Reached skill level 5 in Armour
  2594 | D:4      | Reached XP level 7. HP: 3/56 MP: 9/9
  2594 | D:4      | HP: 1/56 [scorpion (2)]
  2595 | D:4      | Succumbed to a scorpion's poison

Action                   |  1- 3 |  4- 6 |  7- 9 || total
-------------------------+-------+-------+-------++-------
Melee: Long sword        |    88 |   227 |       ||   315
 Abil: Dig               |       |     4 |       ||     4
  Use: Scroll            |     6 |     5 |       ||    11
       Potion            |       |     3 |     1 ||     4
  Eat: Chunk             |       |     6 |       ||     6
